 Dungeon Crawl Stone Soup version 0.28.0-53-g5a82cb258f (webtiles) character file.

Game seed: 2065275598382426789

323 Sin92 the Skirmisher (level 6, -1/48 HPs)
             Began as a Demonspawn Fighter on June 28, 2022.
             Slain by an orc warrior
             ... wielding a +0 trident
              (7 damage)
             ... on level 4 of the Dungeon.
             The game lasted 00:05:14 (3013 turns).

Sin92 the Skirmisher (Demonspawn Fighter)           Turns: 3013, Time: 00:05:14

Health: -1/48      AC:  8    Str: 18    XL:     6   Next: 23%
Magic:  6/6        EV:  9    Int: 10    God:
Gold:   81         SH:  8    Dex: 12    Spells: 5/5 levels left

rFire   . . .      SeeInvis +   d - +7 Throatcutter {drain, coup de grace}
rCold   . . .      Faith    .   c - +0 buckler
rNeg    . . .      Spirit   .   b - +0 scale mail
rPois   .          Reflect  .   (no helmet)
rElec   .          Harm     .   k - +0 cloak
rCorr   .          Rampage  .   (no gloves)
Will    .....                   (no boots)
Stlth   ..........              (no amulet)
HPRegen 0.16/turn               g - ring of see invisible
MPRegen 0.10/turn               (no ring)

@: no status effects
A: large bone plates 1, demonic magic 1, weakness stinger 2
a: no special abilities


You were on level 4 of the Dungeon.
You visited 1 branch of the dungeon, and saw 4 of its levels.

You collected 81 gold pieces.

Inventory:

Hand Weapons
 a - a +1 long sword
 d - the +7 Throatcutter (weapon) {drain, coup de grace}
   (You took it off Terence on level 2 of the Dungeon)

   A truly terrible weapon, it drains the life of any living foe it strikes.
   It may instantly kill foes which have little health.
 f - the +7 mace "Woman" {vorpal, Int+3}
   (You found it on level 2 of the Dungeon)

   It inflicts extra damage upon your enemies.
   Int:       It affects your intelligence (+3).
Armour
 b - a +0 scale mail (worn)
 c - a +0 buckler (worn)
 k - a +0 cloak (worn)
Jewellery
 g - a ring of see invisible (left hand)
Scrolls
 h - a scroll of identify
Potions
 e - 2 potions of haste
 j - 2 potions of heal wounds


   Skills:
 + Level 4.1 Fighting
 * Level 3.0 Long Blades
 + Level 3.7 Armour
 + Level 2.2 Dodging
 + Level 3.7 Shields


You had 5 spell levels left.
You didn't know any spells.
Your spell library contained the following spells:

 Spells                   Type           Power      Damage    Failure   Level
 Blink                    Tloc           0%         N/A       93%         2
 Conjure Flame            Conj/Fire      0%         6-21      99%         3
 Ignite Poison            Fire/Tmut/Pois 0%         N/A       99%         3
 Lesser Beckoning         Tloc           0%         N/A       99%         3
 Portal Projectile        Hex/Tloc       0%         N/A       99%         3
 Tukima's Dance           Hex            0%         N/A       99%         3
 Passage of Golubria      Tloc           0%         N/A       100%        4
 Sticky Flame             Conj/Fire      0%         2d3       100%        4
 Blade Hands              Tmut           0%         N/A       100%        5
 Excruciating Wounds      Necr           0%         N/A       100%        5
 Manifold Assault         Tloc           0%         N/A       100%        5
 Yara's Violent Unravell  Hex/Tmut       0%         3d3       100%        5


Dungeon Overview and Level Annotations

Branches:
Dungeon (4/15)             Temple (0/1) D:4

Altars:
Yredelemnul

Shops:
D:1 !


Innate Abilities, Weirdness & Mutations

You are partially covered in large bone plates. (SH +4)
Spells you cast may paralyse adjacent enemies.
You have a tail ending in a sharp stinger.


Message History

There is a stone staircase leading up here.
You closely miss the orc.
Your tail-slap misses the orc.
The orc barely misses you.
Okay, then.
Okay, then.
Okay, then.
Sorry, you're not good enough to have a special ability.
You closely miss the orc. You tail-slap the orc.
The orc is heavily wounded.
You block the orc's attack. You block the orc warrior's attack.
You barely miss the orc.
The orc is heavily wounded.
You block the orc's attack. The orc warrior barely misses you.
The orc priest looks encouraged for a moment.
The orc closely misses you.
The orc warrior hits you from afar with a +0 trident!
You slash the orc!
You kill the orc!
You block the orc warrior's attack.
The orc priest begins to cast a cantrip, but forgets the words!
You block the orc warrior's attack.
You slash the orc warrior!
The orc warrior is moderately wounded.
The orc priest looks satisfied for a moment.
The orc warrior hits you with a +0 trident!
You hit the orc warrior but do no damage.
Your tail-slap misses the orc warrior.
The orc warrior is moderately wounded.
The orc warrior closely misses you. You block the orc warrior's attack.
You slash the orc warrior!
The orc warrior is severely wounded.
The orc warrior hits you with a +0 trident!
You hit the orc warrior. You drain the orc warrior.
You tail-slap the orc warrior.
The orc warrior is almost dead.
The orc warrior closely misses you.
The orc warrior hits you with a +0 trident!
* * * LOW HITPOINT WARNING * * *
The orc warrior hits you from afar with a +0 trident!
You die...

#####...#.≈≈§≈≈.
#..........≈≈≈..
. .#####)##......
.#.#####.# ####.
#......#######
#####.o.....).
#..#######
##.#.####oK......
.......@.#####...
.......)........
.........#####..
.........#
..........
...........
.#####.....
#......


You could see an orc warrior (drained) and a kobold.

Vanquished Creatures
  An orc priest (D:3)
  Crazy Yiuf (D:2)
  Terence (D:2)
  Jessica (D:2)
  An orc wizard (D:3)
  3 gnolls (D:3)
  9 adders
  3 worms (D:3)
  6 orcs
  5 bats
  7 endoplasms
  A giant cockroach (D:1)
  6 goblins
  6 hobgoblins
  3 jackals (D:2)
  4 kobolds
  A quokka (D:2)
  3 ball pythons
  2 frilled lizards (D:1)
  4 rats
68 creatures vanquished.

Vanquished Creatures (others)
  2 fungi (D:2)
2 creatures vanquished.

Grand Total: 70 creatures vanquished

Notes
Turn   | Place    | Note
-------+----------+-------------------------------------------
     0 | D:1      | Sin92 the Demonspawn Fighter began the quest for the Orb.
     0 | D:1      | Reached XP level 1. HP: 18/18 MP: 1/1
   303 | D:1      | Gained mutation: You have a small tail. [demonic ancestry]
   303 | D:1      | Reached XP level 2. HP: 24/24 MP: 2/2
   750 | D:1      | Found Ockofora's Distillery.
  1061 | D:2      | Noticed Terence
  1071 | D:2      | Reached skill level 1 in Dodging
  1071 | D:2      | Reached XP level 3. HP: 5/28 MP: 3/3
  1073 | D:2      | Killed Terence
  1343 | D:2      | Identified the +7 mace "Woman" {vorpal, Int+3}
  1378 | D:2      | Noticed Jessica
  1387 | D:2      | Gained mutation: You are partially covered in large bone
                  | plates. (SH +4) [demonic ancestry]
  1387 | D:2      | Reached XP level 4. HP: 33/35 MP: 4/4
  1387 | D:2      | Killed Jessica
  1597 | D:2      | Found a basalt altar of Yredelemnul.
  1875 | D:2      | Gained mutation: Spells you cast may paralyse adjacent
                  | enemies. [demonic ancestry]
  1875 | D:2      | Reached XP level 5. HP: 41/41 MP: 5/5
  2165 | D:2      | Found a runed translucent door.
  2166 | D:2      | Noticed Crazy Yiuf
  2170 | D:2      | Killed Crazy Yiuf
  2325 | D:3      | Reached skill level 4 in Fighting
  2329 | D:3      | Gained mutation: You have a tail ending in a sharp stinger.
                  | [demonic ancestry]
  2329 | D:3      | Reached XP level 6. HP: 23/48 MP: 6/6
  2738 | D:4      | Noticed an orc warrior
  2785 | D:4      | Found a staircase to the Ecumenical Temple.
  3013 | D:4      | Slain by an orc warrior

Illustrated notes

Levels and vault maps discovered:
D:1:      dpeg_arrival_stonehenge_12_columns, layout_basic, serial_shops, shop
D:2:      minmay_spotlight, layout_loops_corners, basic_altar,
          kennysheep_generic_room_6, uniq_terence, uniq_jessica,
          uniq_crazy_yiuf_cottage
D:3:      layout_basic
D:4:      layout_rooms, kennysheep_okawaru_gauntlet,
          minmay_overflow_temple_star_hex, minmay_temple_entry_mist,
          serial_co_window_serial, co_window_corner_a, co_window_corner_a,
          co_window_of_opportunity_a, co_window_cross_1, co_window_paths_b,
          co_window_paths_b, co_window_paths_c, co_window_corner_b,
          co_window_of_opportunity_b, co_window_of_opportunity_b,
          co_window_2corner, co_window_unsneaky_path_c, glass_columns_b,
          glass_columns_b

Skill      XL: |  1  2  3  4  5  6 |
---------------+-------------------+-----
Long Blades    | 2 3 |  3.0
Armour         | 3 |  3.7
Dodging        | 1 2 |  2.2
Shields        | 3 |  3.7
Fighting       | 4 |  4.1

Action                   |  1- 3 |  4- 6 || total
-------------------------+-------+-------++-------
Melee: Long sword        |    66 |    90 ||   156
       Tailslap          |     6 |     4 ||    10
  Use: Scroll            |     3 |     3 ||     6
       Potion            |     1 |     1 ||     2
Armor: Scale mail        |    25 |    23 ||    48
Dodge: Dodged            |    38 |    27 ||    65
Block: Buckler           |    18 |    43 ||    61
